 Dungeon Sprint DCSS version 0.30.1-6-gbe392663c4 (webtiles) character file.

Game seed: 13964895091151504230

299064 Heoruswealwe the Minotaur Porcupine (level 18, 0/200 HPs)
             Began as a Minotaur Fighter on Sept 21, 2023.
             Was the Champion of the Shining One.
             Killed from afar by an orb of fire (32 damage)
             ... with a bolt of fire
             ... in the Dungeon (Sprint IX: "|||||||||||||||||||||||||||||").
             The game lasted 01:39:56 (8078 turns).

Heoruswealwe the Minotaur Porcupine (MiFi)          Turns: 8078, Time: 01:39:56

Health: 0/200      AC: 44    Str: 30    XL:     18   Next: 66%
Magic:  35/43      EV: 12    Int:  7    God:    the Shining One [******]
Gold:   415        SH: 25    Dex:  6    Spells: 31/31 levels left

rFire   + + .        a - +9 trishula (holy)
rCold   + + +        d - +3 tower shield {AC+3}
rNeg    + + +        c - +4 gold dragon scales
rPois   +            g - +2 hat
rElec   +            h - +0 cloak
rCorr   +            f - +2 pair of gloves {infuse}
SInv    .            e - +0 pair of boots of Feriw {Int+2 Dex+3}
Will    +....        i - amulet of regeneration Stlth
                     k - ring of resist corrosion
HPRegen 0.00/turn    j - ring of Entrepreneurial Spirit {rPois rC+++ MP+9 Dex-4 Stlth-}
MPRegen 0.28/turn

%: no teleportation, clarity, infuse magic (1 MP)
@: resistant, inhibited regen, glowing
A: horns 2, retaliatory headbutt, clarity, clumsy 1, inhibited regeneration,
subdued magic 1
}: 5/17 runes: decaying, serpentine, barnacled, silver, gossamer
a: Renounce Religion, Divine Shield, Cleansing Flame, Summon Divine Warrior


You were in the Dungeon.
You worshipped the Shining One.
The Shining One was exalted by your worship.
You visited 1 branch You collected 1975 gold pieces.
You spent 1560 gold pieces at shops.

Inventory:

Hand Weapons
 a - a +9 trishula of holy wrath (weapon)
 b - a +0 glaive
 v - a +3 bardiche of venom
 z - the +9 sword of Zonguldrok {reap}
   (You found it in the Dungeon)

   The Shining One disapproves of the use of such an item.
 B - a +7 heavy trident
Armour
 c - +4 gold dragon scales (worn)
 d - a +3 tower shield of protection (worn)
 e - the +0 pair of boots of Feriw (worn) {Int+2 Dex+3}
   (You found it in the Dungeon)

   Int:       It affects your intelligence (+2).
   Dex:       It affects your dexterity (+3).
 f - a +2 pair of gloves of infusion (worn)
 g - a +2 hat (worn)
 h - a +0 cloak (worn)
 H - +5 storm dragon scales
Jewellery
 i - an amulet of regeneration (around neck)
 j - the ring of Entrepreneurial Spirit (right hand) {rPois rC+++ MP+9 Dex-4 Stlth-}
   (You found it in the Dungeon)

   [ring of magical power]

   Dex:       It affects your dexterity (-4).
   rC:        It renders you almost immune to cold.
   rPois:     It protects you from poison.
   MP:        It affects your magic capacity (+9).
   Stlth:     It makes you less stealthy.
 k - a ring of resist corrosion (left hand)
 u - a +6 ring of strength
 w - a ring of protection from fire
 x - a +6 ring of strength
 y - a ring of protection from cold
Wands
 l - a wand of acid (8)
 p - a wand of paralysis (1)
 q - a wand of polymorph (6)
Scrolls
 F - 5 scrolls of identify
Potions
 n - 2 potions of heal wounds
 r - a potion of cancellation
 t - a potion of might
 D - 5 potions of haste
 E - 2 potions of mutation
 I - 2 potions of curing
 J - a potion of berserk rage
Miscellaneous
 G - a condenser vane


   Skills:
 O Level 27 Fighting
 O Level 27 Polearms
 O Level 27 Armour
 + Level 22.4 Dodging
 O Level 27 Shields
 + Level 7.3 Spellcasting
 O Level 27 Invocations
 O Level 27 Evocations


You had 31 spell levels left.
You didn't know any spells.
Your spell library contained the following spells:

 Spells                   Type           Power      Damage    Failure   Level
 Summon Forest            Summ/Tloc      0%         N/A       100%        5
 Eringya's Noxious Bog    Tmut/Pois      0%         N/A       100%        6
 Summon Hydra             Summ           0%         N/A       100%        7


Dungeon Overview and Level Annotations

Branches:
Dungeon (1/1)

Altars:
Cheibriados
Dithmenos
Elyvilon
Fedhas
Gozag
Hepliaklqana
Kikubaaqudgha
Makhleb
Nemelex Xobeh
Okawaru
Qazlal
Ru
Sif Muna
Trog
Uskayaw
Vehumet
Wu Jian
Xom
Yredelemnul
Zin
The Shining One
Jiyva
Lugonu

Shops:
D !=[=


Innate Abilities, Weirdness & Mutations

You have a pair of horns on your head.
You reflexively headbutt those who attack you in melee.
You possess an exceptional clarity of mind.
You are clumsy. (Dex -2)
You do not regenerate when monsters are visible.
Your spells are a little easier to cast, but a little less powerful.


Message History

Your Dodging skill increases to level 22!
Your Spellcasting skill increases to level 7!
The orb of fire emits a lurid red light.
Strange energies course through your body.
Your regeneration stops near monsters.
You impale the orb of fire!! You headbutt the orb of fire.
The orb of fire is lightly damaged.
You puncture the orb of fire! Your headbutt misses the orb of fire.
The orb of fire is moderately damaged.
The orb of fire glows yellow.
The bolt of fire hits you!! You resist.
The orb of fire glows red.
The bolt of fire hits the orb of fire.
The orb of fire completely resists.
The bolt of fire hits you!! You resist.
You hit the orb of fire but do no damage.
Your headbutt misses the orb of fire.
The orb of fire is moderately damaged.
The Orb Guardian is no longer covered in acid.
The orb of fire glows red.
The fireball explodes!
The fireball engulfs the orb of fire.
The orb of fire completely resists.
The fireball engulfs you! You resist.
* * * LOW HITPOINT WARNING * * *
The fireball engulfs the orb of fire.
The orb of fire completely resists.
You hit the orb of fire but do no damage.
The orb of fire is moderately damaged.
The orb of fire glows deep purple.
The fireball explodes!
The fireball engulfs you!! You resist.
* * * LOW HITPOINT WARNING * * *
The fireball engulfs the orb of fire.
The orb of fire completely resists.
Okay, then.
You feel protected.
The orb of fire emits a lurid red light.
The bolt of fire hits the orb of fire.
The orb of fire completely resists.
The bolt of fire hits the orb of fire.
The orb of fire completely resists.
The bolt of fire hits you! You resist.
* * * LOW HITPOINT WARNING * * *
You feel much better.
The orb of fire glows bright magenta.
The bolt of fire hits you!! You resist.
You die...

▓▓▓▓▓▓▓▓▓▓▓▓▓▓▓▓▓▓▓▓▓▓▓▓
..')..[....'.')'@***Xq..
▓▓▓▓▓▓▓▓▓▓▓▓▓▓▓▓▓▓▓▓▓▓▓▓▓▓▓▓▓▓▓▓▓
.................................
▓▓▓▓▓▓▓▓▓▓▓▓▓▓▓▓▓▓▓▓▓▓▓▓▓▓▓▓▓▓▓▓▓
)))[....)..)....'))......'))))..)
▓▓▓▓▓▓▓▓▓▓▓▓▓▓▓▓▓▓▓▓▓▓▓▓▓▓▓▓▓▓▓▓▓
................................)
▓▓▓▓▓▓▓▓▓▓▓▓▓▓▓▓▓▓▓▓▓▓▓▓▓▓▓▓▓▓▓▓▓
..))))))).[..[[.[[[......!......?


You could see 3 orbs of fire, a purple draconian shifter and an Orb Guardian.

Vanquished Creatures
  2 orbs of fire (D)
  2 ancient liches (D)
  Mara (D)
  Sojobo (D)
  A Killer Klown (D)
  Frederick (D)
  Boris (D)
  Saint Roka (D)
  Nikola (D)
  Xtahua (D)
  A golden dragon (D)
  3 bone dragons (D)
  2 electric golems (D)
  2 tentacled monstrosities (D)
  14 Orb Guardians (D)
  A quicksilver dragon (D)
  A titan (D)
  3 tengu reavers (D)
  4 sphinxes (D)
  4 death cobs (D)
  7 shadow dragons (D)
  Kirke (D)
  Ilsuiw (D)
  4 storm dragons (D)
  Agnes (D)
  Donald (D)
  A draconian monk (D)
  8 nagarajas (D)
  An iron dragon (D)
  4 emperor scorpions (D)
  2 draconian scorchers (D)
  A fire giant (D)
  A frost giant (D)
  Aizul (D)
  2 vault wardens (D)
  An ironbound preserver (D)
  A draconian annihilator (D)
  2 very ugly things (D)
  7 stone giants (D)
  A draconian stormcaller (D)
  A vampire knight (D)
  An ironbound thunderhulk (D)
  Nessos (D)
  2 white draconians (D)
  2 red draconians (D)
  4 black draconians (D)
  A dire elephant (D)
  2 green draconians (D)
  9 purple draconians (D)
  A yellow draconian (D)
  3 ettins (D)
  4 merfolk impalers (D)
  4 fire dragons (D)
  3 yaktaur captains (D)
  An entropy weaver (D)
  A great orb of eyes (D)
  4 merfolk javelineers (D)
  7 hydras (D)
  3 rakshasas (D)
  Erolcha (D)
  2 ice dragons (D)
  25 vault guards (D)
  A spriggan air mage (D)
  3 catoblepae (D)
  2 centaur warriors (D)
  Erica (D)
  2 merfolk aquamancers (D)
  A merfolk avatar (D)
  A two-headed ogre (D)
  4 death yaks (D)
  An anaconda (D)
  2 alligators (D)
  A satyr (D)
  A tengu warrior (D)
  3 deep troll shamans (D)
  2 orc high priests (D)
  A deep troll earth mage (D)
  A vampire mage (D)
  A naga warrior (D)
  Sonja (D)
  A hell knight (D)
  Nergalle (D)
  A pharaoh ant (D)
  A sun moth (D)
  7 swamp dragons (D)
  2 flayed ghosts (D)
  A bog body (D)
  2 spriggan druids (D)
  3 ironbound convokers (D)
  3 phantasmal warriors (D)
  6 orc knights (D)
  2 wizards (D)
  2 lindwurms (D)
  A harpy (D)
  2 necromancers (D)
  A steelbarb worm (D)
  A wolf spider (D)
  A deep elf pyromancer (D)
  5 orc sorcerers (D)
  2 cyclopes (D)
  A manticore (D)
  3 mana vipers (D)
  A will-o-the-wisp (D)
  An ugly thing (D)
  A moth of wrath (shapeshifter) (D)
  2 guardian serpents (D)
  9 moths of wrath (D)
  6 black mambas (D)
  A naga mage (D)
  2 gargoyles (D)
  5 vault sentinels (D)
  A water nymph (D)
  A cane toad (D)
  2 torpor snails (D)
  Joseph (D)
  2 demonic crawlers (D)
  An unseen horror (D)
  Psyche (D)
  2 efreet (D)
  A komodo dragon (D)
  A freezing wraith (D)
  A kobold demonologist (D)
  2 tengu conjurers (D)
  5 merfolk (D)
  A meliai (D)
  A tyrant leech (D)
  A hornet (D)
  A wind drake (D)
  A snapping turtle (D)
  2 tarantellas (D)
  2 polar bears (D)
  A dream sheep (shapeshifter) (D)
  A slime creature (D)
  A jumping spider (shapeshifter) (D)
  6 jumping spiders (D)
  A ynoxinul (D)
  A wyvern (D)
  A water elemental (D)
  A hog (shapeshifter) (D)
  6 yaks (D)
  2 hogs (D)
  A basilisk (D)
  2 nagas (D)
  An acid dragon (D)
  3 water moccasins (D)
  14 orc warriors (D)
  A swamp drake (D)
  2 ogres (D)
  2 black bears (D)
  A kobold brigand (D)
  A bullfrog (D)
  A scorpion (D)
  A jelly (D)
  4 orc priests (D)
  5 orc wizards (D)
  A dart slug (D)
  10 orcs (D)
  2 goblins (D)
  A jackal (D)
  A frilled lizard (D)
388 creatures vanquished.

Vanquished Creatures (others)
  A yak (D)
  A human (D)
  A naga (D)
  2 foxfires (D)
5 creatures vanquished.

Grand Total: 393 creatures vanquished

Notes
Turn   | Place    | Note
-------+----------+-------------------------------------------
     0 | D        | Heoruswealwe the Minotaur Fighter began the quest for the
                  | Orb.
     0 | D        | Reached XP level 1. HP: 19/19 MP: 0/0
    21 | D        | Noticed an ogre
    21 | D        | Noticed a jelly
    21 | D        | Noticed an ogre
    21 | D        | Noticed a black bear
    21 | D        | Noticed a scorpion
    26 | D        | Killed an ogre
    27 | D        | Reached XP level 2. HP: 25/31 MP: 1/1
    27 | D        | Reached XP level 3. HP: 31/38 MP: 2/2
    27 | D        | Reached XP level 4. HP: 37/45 MP: 3/3
    32 | D        | Killed an ogre
    33 | D        | Reached skill level 10 in Polearms
    33 | D        | Reached XP level 5. HP: 39/53 MP: 4/4
    37 | D        | Killed a black bear
    38 | D        | Reached XP level 6. HP: 36/62 MP: 5/5
    49 | D        | Found a snail-covered altar of Cheibriados.
    49 | D        | Found a shadowy altar of Dithmenos.
    49 | D        | Found a white marble altar of Elyvilon.
    49 | D        | Found a blossoming altar of Fedhas.
    49 | D        | Found an opulent altar of Gozag.
    50 | D        | Found a hazy altar of Hepliaklqana.
    51 | D        | Found a viscous altar of Jiyva.
    52 | D        | Found an ancient bone altar of Kikubaaqudgha.
    53 | D        | Found a corrupted altar of Lugonu.
    54 | D        | Found a burning altar of Makhleb.
    55 | D        | Found a sparkling altar of Nemelex Xobeh.
    56 | D        | Found an iron altar of Okawaru.
    57 | D        | Found a stormy altar of Qazlal.
    58 | D        | Found a sacrificial altar of Ru.
    59 | D        | Found a shimmering blue altar of Sif Muna.
    60 | D        | Found a bloodstained altar of Trog.
    61 | D        | Found a hide-covered altar of Uskayaw.
    62 | D        | Found a radiant altar of Vehumet.
    63 | D        | Found an ornate altar of the Wu Jian Council.
    64 | D        | Found a shimmering altar of Xom.
    65 | D        | Found a basalt altar of Yredelemnul.
    66 | D        | Found a glowing silver altar of Zin.
    67 | D        | Found a glowing golden altar of the Shining One.
    75 | D        | Became a worshipper of the Shining One
   177 | D        | Noticed a two-headed ogre
   177 | D        | Noticed a hornet
   177 | D        | Noticed a wyvern
   177 | D        | Reached * piety under the Shining One
   177 | D        | Noticed a yak
   181 | D        | Killed a two-headed ogre
   182 | D        | Reached XP level 7. HP: 56/74 MP: 6/6
   185 | D        | Killed a hornet
   186 | D        | Reached skill level 15 in Polearms
   186 | D        | Reached XP level 8. HP: 64/82 MP: 7/7
   196 | D        | Noticed an unseen horror
   202 | D        | Killed an unseen horror
   310 | D        | Noticed a gargoyle
   310 | D        | Noticed a kobold demonologist
   310 | D        | Reached ** piety under the Shining One
   310 | D        | Noticed a gargoyle
   310 | D        | Noticed a red ugly thing
   310 | D        | Noticed a deep elf pyromancer
   310 | D        | Noticed a centaur warrior
   313 | D        | Killed a gargoyle
   314 | D        | Reached XP level 9. HP: 92/92 MP: 8/8
   320 | D        | Killed a red ugly thing
   326 | D        | Killed a kobold demonologist
   326 | D        | Reached *** piety under the Shining One
   329 | D        | Killed a gargoyle
   334 | D        | Killed a centaur warrior
   342 | D        | Killed a deep elf pyromancer
   343 | D        | Reached XP level 10. HP: 66/104 MP: 9/9
   552 | D        | Noticed a torpor snail
   552 | D        | Reached **** piety under the Shining One
   560 | D        | Killed a torpor snail
   575 | D        | Reached skill level 15 in Fighting
   575 | D        | Reached skill level 15 in Armour
   648 | D        | Noticed a black mamba
   648 | D        | Reached ***** piety under the Shining One
   648 | D        | Noticed a black mamba
   650 | D        | Noticed a catoblepas
   654 | D        | Killed a black mamba
   659 | D        | Noticed a black mamba
   684 | D        | Noticed a cane toad
   694 | D        | Killed a black mamba
   715 | D        | Killed a catoblepas
   719 | D        | Killed a black mamba
   724 | D        | Killed a cane toad
   905 | D        | Noticed a death yak
   905 | D        | Noticed a death yak
   905 | D        | Noticed a death yak
   905 | D        | Noticed a catoblepas
   907 | D        | Noticed a death yak
   911 | D        | Killed a death yak
   912 | D        | Reached XP level 11. HP: 95/115 MP: 10/10
   922 | D        | Noticed a catoblepas
   923 | D        | Killed a death yak
   928 | D        | Killed a death yak
   934 | D        | Killed a catoblepas
   939 | D        | Killed a death yak
   982 | D        | Killed a catoblepas
  1068 | D        | Noticed Joseph
  1068 | D        | Reached ****** piety under the Shining One
  1069 | D        | Noticed Sonja
  1078 | D        | Killed Joseph
  1079 | D        | Paralysed by Sonja for 3 turns
  1083 | D        | Killed Sonja
  1389 | D        | Noticed Erolcha
  1396 | D        | Killed Erolcha
  1555 | D        | Noticed an orc knight
  1555 | D        | Noticed an orc knight
  1560 | D        | Killed an orc knight
  1567 | D        | Killed an orc knight
  1588 | D        | Noticed an orc knight
  1607 | D        | Killed an orc knight
  1608 | D        | Reached XP level 12. HP: 60/128 MP: 11/11
  1778 | D        | Found Hihumuas's Distillery.
  1778 | D        | Noticed an orc high priest
  1778 | D        | Noticed an orc high priest
  1783 | D        | Killed an orc high priest
  1806 | D        | Killed an orc high priest
  1832 | D        | Found Nikerag's Jewellery Shoppe.
  1836 | D        | Found Kegumeibb's Antique Armour Emporium.
  1840 | D        | Found Fiyteg's Jewellery Shoppe.
  1981 | D        | Bought a potion of curing for 30 gold pieces
  1981 | D        | Bought a potion of brilliance for 40 gold pieces
  1981 | D        | Bought a potion of experience for 500 gold pieces
  1981 | D        | Bought a potion of ambrosia for 80 gold pieces
  1981 | D        | Bought a potion of degeneration for 10 gold pieces
  1981 | D        | Bought a potion of cancellation for 80 gold pieces
  1986 | D        | Reached XP level 13. HP: 138/138 MP: 12/12
  1994 | D        | Bought an amulet of regeneration for 360 gold pieces
  2001 | D        | Bought an amethyst-encrusted scale mail for 180 gold pieces
  2001 | D        | Identified the +0 scale mail of Hysteria {rN+} (You bought
                  | it in a shop in the Dungeon)
  2001 | D        | Bought a polished orb for 280 gold pieces
  2001 | D        | Identified the orb of Zin's Castigation {mayhem, *Corrode
                  | rElec Regen+ Int+4} (You bought it in a shop in the
                  | Dungeon)
  2076 | D        | Noticed Psyche
  2085 | D        | Killed Psyche
  2148 | D        | Found the +9 sword of Zonguldrok {reap}
  2180 | D        | Got the +0 pair of boots of Feriw {Int+2 Dex+3}
  2251 | D        | Noticed a fire dragon
  2259 | D        | Noticed a stone giant
  2268 | D        | Noticed a stone giant
  2272 | D        | Noticed a stone giant
  2277 | D        | Noticed a stone giant
  2278 | D        | Killed a fire dragon
  2284 | D        | Reached skill level 27 in Polearms
  2295 | D        | Killed a stone giant
  2296 | D        | Reached skill level 1 in Invocations
  2296 | D        | Reached skill level 1 in Evocations
  2300 | D        | Killed a stone giant
  2304 | D        | Killed a stone giant
  2312 | D        | Killed a stone giant
  2549 | D        | Reached skill level 5 in Invocations
  2624 | D        | Reached skill level 5 in Evocations
  2634 | D        | Reached XP level 14. HP: 113/154 MP: 17/17
  2780 | D        | HP: 7/157 [merfolk/+0 antimagic trident (4)]
  2856 | D        | HP: 2/157 [satyr/arrow (13)]
  3036 | D        | Noticed an emperor scorpion
  3055 | D        | Killed an emperor scorpion
  3203 | D        | Noticed Agnes
  3209 | D        | Killed Agnes
  3221 | D        | Noticed Erica
  3229 | D        | Killed Erica
  3272 | D        | Noticed Nergalle
  3276 | D        | Killed Nergalle
  3291 | D        | Noticed a red very ugly thing
  3306 | D        | Killed a red very ugly thing
  3308 | D        | Noticed a stone giant
  3323 | D        | Noticed a white very ugly thing
  3352 | D        | Reached skill level 10 in Invocations
  3369 | D        | Killed a stone giant
  3374 | D        | Killed a white very ugly thing
  3446 | D        | Reached skill level 10 in Evocations
  3565 | D        | Noticed a fire giant
  3580 | D        | Killed a fire giant
  3668 | D        | Noticed an ironbound thunderhulk
  3668 | D        | Noticed a vault warden
  3682 | D        | Killed a vault warden
  3690 | D        | Killed an ironbound thunderhulk
  3729 | D        | Reached XP level 15. HP: 108/173 MP: 9/22
  3745 | D        | Noticed a sphinx
  3756 | D        | Reached skill level 27 in Fighting
  3760 | D        | Paralysed by a sphinx for 3 turns
  3764 | D        | Killed a sphinx
  3770 | D        | Paralysed by a great orb of eyes for 4 turns
  3779 | D        | Reached skill level 5 in Shields
  3804 | D        | Noticed a sphinx
  3805 | D        | Paralysed by a sphinx for 2 turns
  3809 | D        | Killed a sphinx
  3810 | D        | Noticed a red draconian scorcher
  3840 | D        | Killed a red draconian scorcher
  3920 | D        | Noticed Aizul
  3939 | D        | Killed Aizul
  4064 | D        | Noticed Xtahua
  4083 | D        | Killed Xtahua
  4334 | D        | Identified a +9 trishula of holy wrath (a +9 demon trident
                  | of venom blessed by the Shining One)
  4334 | D        | Received a gift from the Shining One
  4362 | D        | Noticed Kirke
  4388 | D        | Killed Kirke
  4431 | D        | Noticed Nikola
  4447 | D        | Killed Nikola
  4503 | D        | Noticed a tengu reaver
  4504 | D        | Noticed Sojobo
  4504 | D        | Noticed a tengu reaver
  4509 | D        | Killed a tengu reaver
  4510 | D        | Paralysed by an air elemental for 1 turns
  4546 | D        | Killed Sojobo
  4547 | D        | Reached skill level 10 in Shields
  4557 | D        | Killed a tengu reaver
  4643 | D        | Noticed a nagaraja
  4643 | D        | Noticed a nagaraja
  4643 | D        | Noticed a nagaraja
  4644 | D        | Noticed a nagaraja
  4644 | D        | Noticed a nagaraja
  4646 | D        | Killed a nagaraja
  4648 | D        | Noticed a nagaraja
  4649 | D        | Killed a nagaraja
  4652 | D        | Killed a nagaraja
  4653 | D        | Reached skill level 27 in Armour
  4657 | D        | Killed a nagaraja
  4658 | D        | Reached skill level 15 in Invocations
  4658 | D        | Noticed a nagaraja
  4663 | D        | Killed a nagaraja
  4669 | D        | Killed a nagaraja
  4672 | D        | Noticed a nagaraja
  4674 | D        | Killed a nagaraja
  4688 | D        | Killed a nagaraja
  4695 | D        | Got a serpentine rune of Zot
  4839 | D        | Noticed an emperor scorpion
  4839 | D        | Noticed an emperor scorpion
  4846 | D        | Killed an emperor scorpion
  4851 | D        | Noticed an emperor scorpion
  4857 | D        | Killed an emperor scorpion
  4878 | D        | Killed an emperor scorpion
  4879 | D        | Reached skill level 15 in Evocations
  4899 | D        | Got a gossamer rune of Zot
  5030 | D        | Noticed Ilsuiw
  5052 | D        | Killed Ilsuiw
  5053 | D        | Reached skill level 15 in Shields
  5053 | D        | Reached XP level 16. HP: 171/183 MP: 14/27
  5239 | D        | Got a barnacled rune of Zot
  5315 | D        | Got a decaying rune of Zot
  5847 | D        | Noticed a sphinx
  5866 | D        | Noticed a shadow dragon
  5868 | D        | Killed a sphinx
  5880 | D        | Noticed a shadow dragon
  5884 | D        | Killed a shadow dragon
  5886 | D        | Noticed a tengu reaver
  5894 | D        | Killed a shadow dragon
  5902 | D        | Killed a tengu reaver
  6024 | D        | Noticed a shadow dragon
  6024 | D        | Noticed a golden dragon
  6024 | D        | Noticed a shadow dragon
  6031 | D        | Noticed a shadow dragon
  6033 | D        | Killed a shadow dragon
  6037 | D        | Noticed a titan
  6044 | D        | Killed a golden dragon
  6050 | D        | Killed a shadow dragon
  6059 | D        | Killed a shadow dragon
  6065 | D        | Killed a titan
  6066 | D        | Reached XP level 17. HP: 191/191 MP: 11/30
  6156 | D        | Identified the +0 robe of the Scorching Gods {Drain +Blink
                  | rElec rPois}
  6161 | D        | Got a silver rune of Zot
  6177 | D        | Noticed Saint Roka
  6192 | D        | Killed Saint Roka
  6292 | D        | Noticed Nessos
  6296 | D        | Killed Nessos
  6333 | D        | Got the amulet of Vampiric Thralls {RegenMP Fragile rPois
                  | Will+ Dex+2 Stlth+}
  6345 | D        | Got the ring "Sooquric" {Wiz Int+2 Stlth+}
  6349 | D        | Got the ring of Orchuv {rC+ Int+4}
  6352 | D        | Got the ring of Entrepreneurial Spirit {rPois rC+++ MP+9
                  | Dex-4 Stlth-}
  6529 | D        | Noticed Boris
  6540 | D        | Killed Boris
  6548 | D        | Noticed Frederick
  6563 | D        | Killed Frederick
  6594 | D        | Noticed Donald
  6603 | D        | Killed Donald
  6607 | D        | Noticed Mara
  6614 | D        | Noticed Heoruswealwe's illusion
  6622 | D        | Killed Mara
  6623 | D        | Reached skill level 27 in Shields
  6667 | D        | Reached skill level 5 in Dodging
  6803 | D        | Noticed a bone dragon
  6803 | D        | Noticed a bone dragon
  6803 | D        | Noticed a bone dragon
  6810 | D        | Killed a bone dragon
  6816 | D        | Killed a bone dragon
  6821 | D        | Killed a bone dragon
  6860 | D        | Reached skill level 10 in Dodging
  7000 | D        | Noticed a tentacled monstrosity
  7000 | D        | Noticed a tentacled monstrosity
  7019 | D        | Killed a tentacled monstrosity
  7023 | D        | Killed a tentacled monstrosity
  7330 | D        | Reached XP level 18. HP: 178/200 MP: 7/33
  7535 | D        | Noticed an Orb Guardian
  7535 | D        | Noticed an Orb Guardian
  7535 | D        | Noticed an Orb Guardian
  7535 | D        | Noticed an Orb Guardian
  7535 | D        | Noticed an Orb Guardian
  7535 | D        | Noticed an Orb Guardian
  7540 | D        | Killed an Orb Guardian
  7541 | D        | Reached skill level 15 in Dodging
  7542 | D        | Killed an Orb Guardian
  7550 | D        | Killed an Orb Guardian
  7555 | D        | Killed an Orb Guardian
  7566 | D        | Noticed an Orb Guardian
  7567 | D        | Killed an Orb Guardian
  7570 | D        | Killed an Orb Guardian
  7573 | D        | Noticed an Orb Guardian
  7579 | D        | Killed an Orb Guardian
  7587 | D        | Killed an Orb Guardian
  7695 | D        | Noticed an Orb Guardian
  7696 | D        | Noticed an Orb Guardian
  7699 | D        | Killed an Orb Guardian
  7705 | D        | Killed an Orb Guardian
  7722 | D        | Noticed an Orb Guardian
  7722 | D        | Noticed an Orb Guardian
  7723 | D        | Noticed an Orb Guardian
  7731 | D        | Noticed an Orb Guardian
  7740 | D        | Killed an Orb Guardian
  7748 | D        | Killed an Orb Guardian
  7760 | D        | Killed an Orb Guardian
  7761 | D        | Reached skill level 27 in Evocations
  7765 | D        | Killed an Orb Guardian
  7902 | D        | Noticed an ancient lich
  7905 | D        | Killed an ancient lich
  7918 | D        | Noticed an orb of fire
  7921 | D        | Gained mutation: Your spells are a little easier to cast,
                  | but a little less powerful. [an orb of fire]
  7935 | D        | Killed an orb of fire
  7936 | D        | Reached skill level 27 in Invocations
  8023 | D        | Noticed an electric golem
  8028 | D        | Killed an electric golem
  8041 | D        | Noticed an electric golem
  8041 | D        | Noticed an ancient lich
  8041 | D        | Noticed a Killer Klown
  8041 | D        | Noticed an orb of fire
  8043 | D        | Noticed an orb of fire
  8050 | D        | Noticed an Orb Guardian
  8057 | D        | Killed an ancient lich
  8058 | D        | Gained mutation: You are clumsy. (Dex -2) [an orb of fire]
  8066 | D        | Killed a Killer Klown
  8067 | D        | Reached skill level 5 in Spellcasting
  8067 | D        | Killed an electric golem
  8067 | D        | Noticed an orb of fire
  8070 | D        | Noticed an orb of fire
  8071 | D        | Killed an orb of fire
  8071 | D        | Gained mutation: You possess an exceptional clarity of
                  | mind. [an orb of fire]
  8072 | D        | Gained mutation: You do not regenerate when monsters are
                  | visible. [an orb of fire]
  8077 | D        | HP: 4/200 [orb of fire/bolt of fire (13)]
  8078 | D        | Killed from afar by an orb of fire

Illustrated notes

Levels and vault maps discovered:
D:        linesprint [early_d, line_temple, items_1, d_10, items_2, lair_1,
          lair_end, items_3, orc_1, orc_end, items_4, d_15, swamp_1, shoals_1,
          snake_1, spider_1, d_20, vaults_1, items_5, swamp_end, shoals_end,
          snake_end, spider_end, vaults_end, d_27, items_6, zot_1, zot_end,
          crypt_end, forest_end, elf_end, slime_end, tomb_end, abyss_end,
          pan_hell_end]

Skill      XL: |  1  2  3  4  5  6  7  8  9 10 11 12 13 14 15 16 17 18 |
---------------+-------------------------------------------------------+-----
Fighting       | 6 7 8 11 12 14 16 18 19 22 26 27 | 27.0
Polearms       | 7 10 11 14 15 17 19 22 24 26 27 | 27.0
Armour         | 6 7 8 11 12 14 16 18 19 21 23 27 | 27.0
Invocations    | 6 11 16 20 24 27 | 27.0
Evocations     | 5 11 15 19 25 27 | 27.0
Shields        | 15 25 27 | 27.0
Dodging        | 14 22 | 22.4
Spellcasting   | 7 |  7.3

Action                     |  1- 3 |  4- 6 |  7- 9 | 10-12 | 13-15 | 16-18 || total
---------------------------+-------+-------+-------+-------+-------+-------++-------
  Melee: Trident           |    14 |    16 |       |       |       |       ||    30
         Headbutt          |     1 |     6 |    15 |    77 |   208 |   239 ||   546
         Halberd           |       |     4 |    49 |   251 |   505 |       ||   809
         Trishula          |       |       |       |       |   157 |   715 ||   872
         Unarmed           |       |       |       |       |    18 |       ||    18
 Invoke: Brand Weapon With |       |       |       |       |     1 |       ||     1
  Evoke: Wand              |       |       |       |       |       |     6 ||     6
    Use: Potion            |     1 |       |       |     8 |    18 |     7 ||    34
         Scroll            |       |       |       |     1 |    16 |     9 ||    26
 Armour: Scale mail        |     3 |       |       |       |       |       ||     3
         Plate armour      |       |     2 |    20 |    89 |   306 |       ||   417
         Storm dragon scal |       |       |       |       |    59 |    57 ||   116
         Gold dragon scale |       |       |       |       |       |   135 ||   135
  Dodge: Dodged            |     2 |     3 |    12 |    38 |   171 |    73 ||   299
  Block: Buckler           |     2 |     2 |       |       |       |       ||     4
         Tower shield      |       |       |       |       |   131 |   443 ||   574
